 Dungeon Crawl Stone Soup version 0.31-a0-43-g46d131a48f (webtiles) character file.

Game seed: 3473662024086500493

1273 frimble the Slasher (level 8, -1/64 HPs)
             Began as a Gnoll Reaver on May 18, 2023.
             Slain by an orc warrior
             ... wielding a +1 dire flail of venom
              (7 damage)
             ... on level 5 of the Dungeon.
             The game lasted 00:10:16 (4377 turns).

frimble the Slasher (Gnoll Reaver)                  Turns: 4377, Time: 00:10:17

Health: -1/64      AC:  8    Str: 15    XL:     8   Next: 53%
Magic:  17/17      EV: 12    Int: 16    God:
Gold:   114        SH:  0    Dex:  7    Spells: 17/19 levels left

rFire   . . .        o - +3 long sword of Xudir {elec, Str+4 Dex-3}
rCold   . . .        (no shield)
rNeg    . . .        h - +1 leather armour
rPois   .            (no helmet)
rElec   .            p - +0 cloak
rCorr   .            (no gloves)
SInv    +            v - +2 pair of boots
Will    .....        u - amulet of regeneration
Stlth   ++           q - ring of see invisible
HPRegen 1.10/turn    (no ring)
MPRegen 0.15/turn

%: no passive effects
@: no status effects
A: fangs 1, strong nose, distributed training
a: no special abilities


You were on level 5 of the Dungeon.
You visited 2 branches of the dungeon, and saw 7 of its levels.

You collected 295 gold pieces.
You spent 181 gold pieces at shops.

Inventory:

Hand Weapons
 a - a +0 falchion
 b - a +2 dagger of electrocution
 i - a +2 dagger of venom
 o - the +3 long sword of Xudir (weapon) {elec, Str+4 Dex-3}
   (You took it off a gnoll on level 4 of the Dungeon)

   Str:       It affects your strength (+4).
   Dex:       It affects your dexterity (-3).
Missiles
 d - a curare-tipped dart (quivered)
Armour
 h - a +1 leather armour (worn)
 p - a +0 cloak (worn)
 v - a +2 pair of boots (worn)
Jewellery
 q - a ring of see invisible (left hand)
 u - an amulet of regeneration (around neck)
Wands
 m - a wand of charming (8)
Scrolls
 c - a scroll of amnesia
 e - a scroll of immolation
Potions
 f - 2 potions of cancellation
 g - 3 potions of might {unknown}
 j - 2 potions of degeneration {unknown}
 k - a potion of heal wounds {unknown}
 l - 6 potions of curing
 n - 2 potions of lignification {unknown}
 r - a potion of brilliance {unknown}
 s - a potion of flight
 t - a potion of attraction


   Skills:
 + Level 5.8 Fighting
 + Level 3.5 Short Blades
 + Level 7.5 Long Blades
 + Level 3.5 Axes
 + Level 3.5 Maces & Flails
 + Level 3.5 Polearms
 + Level 3.5 Staves
 + Level 3.5 Ranged Weapons
 + Level 3.5 Throwing
 + Level 3.5 Armour
 + Level 5.8 Dodging
 + Level 3.5 Stealth
 + Level 3.5 Shields
 + Level 3.5 Unarmed Combat
 + Level 6.1 Spellcasting
 + Level 6.2 Conjurations
 + Level 2.8 Hexes
 + Level 2.8 Summonings
 + Level 2.8 Necromancy
 + Level 2.8 Translocations
 + Level 2.8 Transmutations
 + Level 2.8 Fire Magic
 + Level 2.8 Ice Magic
 + Level 2.8 Air Magic
 + Level 2.8 Earth Magic
 + Level 2.8 Poison Magic
 + Level 3.8 Invocations
 + Level 3.5 Evocations


You had 17 spell levels left.
You knew the following spells:

 Your Spells              Type           Power      Damage    Failure   Level
a - Kiss of Death         Conj/Necr      76%        2d11      2%          1
b - Apportation           Tloc           28%        N/A       4%          1

Your spell library contained the following spells:

 Spells                   Type           Power      Damage    Failure   Level
 Momentum Strike          Conj/Tloc      38%        3d9       3%          2
 Slow                     Hex            56%        N/A       4%          1
 Hailstorm                Conj/Ice       19%        3d6       8%          3
 Confusing Touch          Hex            14%        N/A       16%         3
 Summon Guardian Golem    Hex/Summ       14%        N/A       16%         3
 Vampiric Draining        Necr           14%        2d7       16%         3
 Alistair's Intoxication  Tmut/Pois      9%         N/A       80%         5
 Orb of Destruction       Conj           12%        9d7       100%        7
 Spellforged Servitor     Conj/Summ      9%         N/A       100%        7


Dungeon Overview and Level Annotations

Branches:
Dungeon (6/15)             Temple (1/1) D:5

Altars:
Ashenzari
Dithmenos
Fedhas
Gozag
Hepliaklqana
Kikubaaqudgha
Makhleb
Nemelex Xobeh
Okawaru
Qazlal
Ru
Trog
Uskayaw
Xom
Yredelemnul
Zin
The Shining One

Shops:
D:1 (   D:2 [[(?   D:5 :

Annotations:
D:5 Prince Ribbit
D:6 3 runed translucent doors


Innate Abilities, Weirdness & Mutations

You have very sharp teeth.
Your uncanny sense of smell can sniff out nearby items.
Your experience applies equally to all skills.


Message History

The orc warrior hits you with a +1 dire flail of venom!
Prince Ribbit lets out a mournful croak.
Prince Ribbit misses you.
The orc warrior attacks as you move away!
The orc warrior completely misses you.
Prince Ribbit hits you but does no damage.
Prince Ribbit blinks!
You see here a +0 crystal plate armour.
You hit the orc warrior.
The orc warrior is lightly wounded.
The orc warrior hits you with a +1 dire flail of venom!
You are poisoned.
Prince Ribbit hits you!
It was a potion of curing.
You feel better.
Prince Ribbit hits you but does no damage.
The orc warrior hits you with a +1 dire flail of venom!
Throw: 2 darts (curare)
Press: ? - help, Q - select action, (/) - cycle Shift-Dir - straight line, f - orc warrior, p - Prince Ribbit
Aim: an orc warrior, wielding a +1 dire flail of venom and wearing a +0 chain mail (lightly wounded, 52% to hit)
You throw a curare-tipped dart.
The curare-tipped dart hits the orc warrior.
The orc warrior is poisoned.
The orc warrior convulses.
The orc warrior seems to slow down.
The orc warrior is moderately wounded.
Prince Ribbit hits you!
* * * LOW HITPOINT WARNING * * *
An orc priest comes into view. It is wielding a +0 club.
The orc warrior misses you.
Okay, then.
Unknown command.
Aiming: Charm
Press: ? - help, Shift-Dir - straight line, f - Prince Ribbit, p - orc warrior
Aim: Prince Ribbit (moderately wounded, chance to affect: 40%) Prince Ribbit is charmed.
You swap places.
The orc priest mumbles some strange prayers to Beogh against you.
Beogh smites you!
* * * LOW HITPOINT WARNING * * *
The orc warrior hits you with a +1 dire flail of venom!
You die...

##...###.......#
#..#..#.....#<...
..
##.......#####.##
.
##..##.#........
#.......o####...
#..#..###.#
...###. ##(###.#
....#. #Fo.(..#
.... #@######
#........#
##########


You could see an orc warrior (very poisoned, slow), an orc priest and the
friendly Prince Ribbit (charmed).

Vanquished Creatures
  Sigmund (D:5)
  2 phantoms
  Blork the orc (D:5)
  A bullfrog (D:3)
  2 scorpions
  A howler monkey (D:5)
  4 orc priests
  2 hounds (D:4)
  4 iguanas
  Natasha (thrice) (D:2)
  A sleepcap (Temple)
  2 orc wizards (Temple)
  9 gnolls
  6 adders
  A white imp (D:3)
  An ufetubus (D:5)
  2 worms
  3 dart slugs
  10 orcs
  6 ball pythons
  7 endoplasms
  4 giant cockroaches
  7 goblins
  6 hobgoblins
  5 jackals
  3 kobolds
  3 quokkas
  A bat (D:3)
  4 frilled lizards (D:1)
  4 rats
106 creatures vanquished.

Notes
Turn   | Place    | Note
-------+----------+-------------------------------------------
     0 | D:1      | frimble the Gnoll Reaver began the quest for the Orb.
     0 | D:1      | Reached XP level 1. HP: 20/20 MP: 6/6
    38 | D:1      | Learned a level 1 spell: Apportation
    82 | D:1      | Reached XP level 2. HP: 23/26 MP: 7/7
   100 | D:1      | Found Titulu's Weapon Shop.
   446 | D:1      | Reached skill level 5 in Spellcasting
   446 | D:1      | Reached XP level 3. HP: 20/31 MP: 7/9
   881 | D:1      | Reached skill level 1 in Invocations
   910 | D:2      | Found Takhleih's Armour Shoppe.
   943 | D:2      | Found an opulent altar of Gozag.
   960 | D:2      | Found Pudothry's Magic Scroll Emporium.
   987 | D:2      | Found a faded altar of an unknown god.
   999 | D:2      | Noticed Natasha
  1006 | D:2      | Killed Natasha
  1007 | D:2      | Reached skill level 1 in Short Blades
  1007 | D:2      | Reached skill level 1 in Axes
  1007 | D:2      | Reached skill level 1 in Maces & Flails
  1007 | D:2      | Reached skill level 1 in Polearms
  1007 | D:2      | Reached skill level 1 in Staves
  1007 | D:2      | Reached skill level 1 in Ranged Weapons
  1007 | D:2      | Reached skill level 1 in Throwing
  1007 | D:2      | Reached skill level 1 in Armour
  1007 | D:2      | Reached skill level 1 in Stealth
  1007 | D:2      | Reached skill level 1 in Shields
  1007 | D:2      | Reached skill level 1 in Unarmed Combat
  1007 | D:2      | Reached skill level 1 in Evocations
  1007 | D:2      | Reached XP level 4. HP: 38/38 MP: 11/11
  1302 | D:3      | Reached skill level 1 in Hexes
  1302 | D:3      | Reached skill level 1 in Summonings
  1302 | D:3      | Reached skill level 1 in Necromancy
  1302 | D:3      | Reached skill level 1 in Translocations
  1302 | D:3      | Reached skill level 1 in Transmutations
  1302 | D:3      | Reached skill level 1 in Fire Magic
  1302 | D:3      | Reached skill level 1 in Ice Magic
  1302 | D:3      | Reached skill level 1 in Air Magic
  1302 | D:3      | Reached skill level 1 in Earth Magic
  1302 | D:3      | Reached skill level 1 in Poison Magic
  1736 | D:3      | Noticed a bullfrog
  1748 | D:3      | Killed a bullfrog
  1749 | D:3      | Reached XP level 5. HP: 39/43 MP: 12/12
  2009 | D:4      | Identified the +3 long sword of Xudir {elec, Str+4 Dex-3}
  2013 | D:4      | Reached XP level 6. HP: 37/50 MP: 13/13
  2084 | D:4      | Reached skill level 5 in Fighting
  2084 | D:4      | Reached skill level 5 in Dodging
  2205 | D:4      | You fall into a shaft and drop 2 floors!
  2219 | D:6      | Noticed an orc warrior
  2238 | D:6      | Noticed an orc warrior
  2269 | D:6      | Found a runed translucent gate.
  2269 | D:6      | Found a runed translucent gate.
  2270 | D:6      | Found a runed translucent gate.
  2361 | D:5      | Entered Level 5 of the Dungeon
  2439 | D:5      | Reached XP level 7. HP: 45/56 MP: 15/15
  2442 | D:5      | Reached skill level 7 in Long Blades
  2484 | D:5      | Found a staircase to the Ecumenical Temple.
  2503 | D:5      | Noticed Sigmund
  2520 | D:5      | Noticed Blork the orc
  2530 | D:5      | Killed Blork the orc
  2555 | Temple   | Entered the Ecumenical Temple
  2555 | Temple   | Found a transporter.
  2555 | Temple   | Found a transporter.
  2649 | Temple   | Found a transporter.
  2649 | Temple   | Found a transporter.
  2738 | D:5      | Killed Sigmund
  2879 | D:5      | Reached XP level 8. HP: 63/63 MP: 16/16
  3571 | D:2      | Noticed Natasha
  3575 | D:2      | Killed Natasha
  3604 | D:2      | Noticed Natasha
  3618 | D:2      | Killed Natasha
  3736 | D:2      | Found Muprah's Armour Shoppe.
  3893 | D:2      | Found Fenk's Antique Weapon Boutique.
  4170 | D:2      | Bought a +2 pair of boots for 181 gold pieces
  4243 | D:5      | Found Odiqih's Book Boutique.
  4363 | D:5      | Noticed Prince Ribbit
  4377 | D:5      | Slain by an orc warrior

Illustrated notes

Levels and vault maps discovered:
D:1:      spicycebolla_green_bress_n_ham, layout_basic, serial_shops, shop
D:2:      cheibrodos_pilgrimage, layout_basic, basic_altar, serial_shops,
          nicolae_shop_tiny_waterfront, shop,
          nicolae_shop_pleasant_corner_grove, nicolae_diamond_shop,
          nicolae_ecumenical_pavilion, uniq_natasha
D:3:      layout_rooms, minmay_divided_ellipse
D:4:      layout_rooms, chequers_serial_rivers_room_a, kennysheep_generic_room_7
D:5:      layout_basic, minmay_temple_entry_trees, serial_glass,
          glass_columns_c, glass_columns_b, glass_columns_b, glass_columns_a,
          minmay_strange_pillars, minmay_strange_pillars, serial_shops,
          nicolae_shop_temple_entry_statues_fountains, grunt_ministairs_9,
          uniq_blork_the_orc, uniq_prince_ribbit1, uniq_sigmund
D:6:      layout_basic, gammafunk_temple_overflow_claw, gammafunk_ghost_cemetery
Temple:   hellmonk_temple_divided_pantheon

Skill      XL: |  1  2  3  4  5  6  7  8 |
---------------+-------------------------+-----
Spellcasting   | 5 6 |  6.1
Invocations    | 1 2 3 |  3.8
Short Blades   | 1 2 3 |  3.5
Axes           | 1 2 3 |  3.5
Maces & Flails | 1 2 3 |  3.5
Polearms       | 1 2 3 |  3.5
Staves         | 1 2 3 |  3.5
Ranged Weapons | 1 2 3 |  3.5
Throwing       | 1 2 3 |  3.5
Armour         | 1 2 3 |  3.5
Stealth        | 1 2 3 |  3.5
Shields        | 1 2 3 |  3.5
Unarmed Combat | 1 2 3 |  3.5
Evocations     | 1 2 3 |  3.5
Hexes          | 1 2 |  2.8
Summonings     | 1 2 |  2.8
Necromancy     | 1 2 |  2.8
Translocations | 1 2 |  2.8
Transmutations | 1 2 |  2.8
Fire Magic     | 1 2 |  2.8
Ice Magic      | 1 2 |  2.8
Air Magic      | 1 2 |  2.8
Earth Magic    | 1 2 |  2.8
Poison Magic   | 1 2 |  2.8
Fighting       | 5 |  5.8
Dodging        | 5 |  5.8
Long Blades    | 7 |  7.5
Conjurations   | 6 |  6.2

Action                     |  1- 3 |  4- 6 |  7- 9 || total
---------------------------+-------+-------+-------++-------
  Melee: Falchion          |    52 |       |       ||    52
         Bite              |     3 |    12 |     8 ||    23
         Dagger            |    27 |   120 |       ||   147
         Punch             |       |     1 |     2 ||     3
         Long sword        |       |    30 |   125 ||   155
  Throw: Dart              |       |     7 |    10 ||    17
   Cast: Apportation       |       |       |    10 ||    10
  Evoke: Wand              |       |       |     1 ||     1
    Use: Scroll            |     3 |     2 |     2 ||     7
         Potion            |       |       |     1 ||     1
 Armour: Leather armour    |    20 |    27 |    49 ||    96
  Dodge: Dodged            |    39 |    83 |    86 ||   208

Table legend: (Time is in decaauts)
 A = Elapsed time spent in this place.
 B = Non-inter-level travel time spent in this place.
 C = Inter-level travel time spent in this place.
 D = Time resting spent in this place.
 E = Time spent auto-exploring this place.
 F = Levels seen in this place.
 G = Mean time per level.
                   A        B        C        D        E       F      G
               +--------+--------+--------+--------+--------+-----+--------+
         Total |   4381 |   4226 |    155 |    269 |   2947 |   7 |  625.9 |
       Dungeon |   4213 |   4060 |    153 |    190 |   2935 |   6 |  702.2 |
        Temple |    168 |    166 |      2 |     79 |     12 |   1 |  168.0 |
               +--------+--------+--------+--------+--------+-----+--------+

Top non-repeatable levels by time:
     D:4: 923 daAuts
     D:1: 902 daAuts
     D:2: 861 daAuts
     D:3: 786 daAuts
     D:5: 523 daAuts
     D:6: 216 daAuts
  Temple: 168 daAuts
